 Dungeon Crawl Stone Soup version 0.31.0-11-ge490571c62 (webtiles) character file.

Game seed: 16768562294261678324

28 qw the Shooter (level 2, 0/14 HPs)
             Began as a Spriggan Hunter on Feb 4, 2024.
             Succumbed to their own poison gas
             ... on level 1 of the Dungeon.
             The game lasted 00:00:01 (475 turns).

qw the Shooter (Spriggan Hunter)                     Turns: 475, Time: 00:00:02

Health: 0/14       AC:  2    Str:  7    XL:     2   Next: 96%
Magic:  3/3        EV: 19    Int: 10    God:
Gold:   17         SH:  0    Dex: 18    Spells: 1/1 levels left

rFire   . . .        a - +0 shortbow
rCold   . . .        (shield currently unavailable)
rNeg    . . .        c - +0 robe
rPois   .            (helmet restricted)
rElec   .            (no cloak)
rCorr   .            (gloves unavailable)
SInv    +            (boots unavailable)
Will    .....        (no amulet)
Stlth   ++           (no ring)
HPRegen 0.22/turn    (no ring)
MPRegen 0.08/turn

%: no passive effects
@: lethally poisoned (0 -> -6), very quick
A: very small, no large weapons, unfitting armour, see invisible, speed 3
a: no special abilities


You were on level 1 of the Dungeon.
You visited 1 branch of the dungeon, and saw 1 of its levels.

You collected 17 gold pieces.


Innate Abilities, Weirdness & Mutations

You are very small and have problems with some larger weapons.
You are too small for most types of armour.
You have supernaturally acute eyesight. (SInv)
You cover ground extremely quickly. (Speed+++)


   Skills:
 - Level 1.5 Fighting
 + Level 4.3 Ranged Weapons
 - Level 4.1 Dodging
 - Level 1.5 Stealth


You had one spell level left.
You didn't know any spells.
Your spell library was empty.

Inventory:

Hand Weapons
 a - a +0 shortbow (weapon)
Armour
 c - a +0 robe (worn)

Dungeon Overview and Level Annotations

Branches:
Dungeon (1/15)

Altars:


Message History

Done exploring.
467 ||| READING scroll labelled XAIDEM SUELO.
The air fills with toxic fumes!
As you read the scroll labelled XAIDEM SUELO, it crumbles to dust.
It was a scroll of poison.
Done exploring.
468 ||| READING scroll labelled QAEPINN BORPHE.
As you read the scroll labelled QAEPINN BORPHE, it crumbles to dust.
It is a scroll of identify.
468 ||| IDENTIFYING scroll labelled BIED ZYTINYUP DEA
g - a scroll of noise Done exploring.
469 ||| DROPPING scroll of butterflies.
You drop a scroll of butterflies.
Done exploring.
470 ||| DROPPING scroll of noise.
You drop a scroll of noise.
Done exploring.
What level of the Dungeon? (default 1, ? - help) Sorry, I don't know how to get there.
Enter note:
Enter note:
Enter note:
Enter note:
Enter note:
Enter note:
Enter note:
Enter note:
Enter note: You are engulfed in poison gas.
You are lethally poisoned!
You feel very sick.
472 ||| Stepping ~*~*~tactically~*~*~ (cloud).
You feel sick.
Things that are here:
a scroll of noise; a scroll of butterflies
There is a lethal amount of poison in your body!
You feel very sick.
There is a lethal amount of poison in your body!
You feel sick.
There is a lethal amount of poison in your body!
You die...

.....# #.......# .....#####
#####...##### #........####
###......
########..¤¤############
##.#### #....¤¤¤0¤¤¤¤¤0¤¤#
#...##
#######.#####0¤00¤0¤0¤¤#
##....
......#..¤¤¤0000000¤¤0¤#
##.###
........#####¤¤¤¤¤00¤¤0#
#..#
.........¤0¤¤¤¤0@0¤¤¤¤0#
#.##
......###0¤0¤¤##########
##(# ##.#### ##¤#..#######
#..# # #.#
###..##.......#######%#####
#.#
##...#########..............
#.###..### #######....###.
##.##.>##
##########....#####
........#
##[...[......###....
........#
###..########......###


There were no monsters in sight!

Vanquished Creatures
  An endoplasm (D:1)
  3 giant cockroaches (D:1)
  2 goblins (D:1)
  4 hobgoblins (D:1)
  2 quokkas (D:1)
  3 bats (D:1)
  5 kobolds (D:1)
  4 rats (D:1)
24 creatures vanquished.

Notes
Turn   | Place    | Note
-------+----------+-------------------------------------------
     0 | D:1      | qw the Spriggan Hunter began the quest for the Orb.
     0 | D:1      | Reached XP level 1. HP: 10/10 MP: 2/2
     0 | D:1      | 0 ||| qw: Version: 0.3-a-160-g6735b56
     0 | D:1      | 0 ||| qw: Game counter: 4852
     0 | D:1      | 0 ||| qw: Melee chars always use a shield: true
     0 | D:1      | 0 ||| qw: God list: Okawaru
     0 | D:1      | 0 ||| qw: Allow faded altars: false
     0 | D:1      | 0 ||| qw: Do Orc after clearing Dungeon:15 true
     0 | D:1      | 0 ||| qw: Do second Lair branch before Depths: true
     0 | D:1      | 0 ||| qw: Lair rune preference: random
     0 | D:1      | 0 ||| qw: Goals: Normal
     0 | D:1      | 0 ||| PLANNING D:1-11
    36 | D:1      | Reached skill level 3 in Dodging
   183 | D:1      | Reached XP level 2. HP: 14/14 MP: 3/3
   466 | D:1      | 466 ||| READING scroll labelled QAETWI PAZEESA.
   467 | D:1      | 467 ||| READING scroll labelled XAIDEM SUELO.
   468 | D:1      | 468 ||| READING scroll labelled QAEPINN BORPHE.
   468 | D:1      | 468 ||| IDENTIFYING scroll labelled BIED ZYTINYUP DEA
   469 | D:1      | 469 ||| DROPPING scroll of butterflies.
   470 | D:1      | 470 ||| DROPPING scroll of noise.
   472 | D:1      | 472 ||| Stepping ~*~*~tactically~*~*~ (cloud).
   474 | D:1      | HP: 2/14 [poisoned by you (poison gas)]
   475 | D:1      | Succumbed to their own poison gas

Levels and vault maps discovered:
D:1:      saegor_arrival_simple_b, layout_rooms, minmay_pentomino_o2

Skill      XL: |  1  2 |
---------------+-------+-----
Dodging        | 3 4 |  4.1
Fighting       | |  1.5
Ranged Weapons | |  4.3
Stealth        | |  1.5

Action                     || total
---------------------------++-------
   Fire: Shortbow          ||    47
    Use: Scroll            ||     3
 Armour: Robe              ||     3
  Dodge: Dodged            ||     4

Table legend:
 A = Non-vault XP
 B = Vault XP
 C = Vault XP percentage of total XP
 D = Non-vault monster count
 E = Vault monster count
 F = Vault count percentage of total count
                 A         B        C        D         E       F
            +---------+---------+-------+---------+---------+-------
      Total |      38 |       2 |   5.0 |      22 |       2 |   8.3
            +---------+---------+-------+---------+---------+-------
        D:1 |      38 |       2 |   5.0 |      22 |       2 |   8.3
            +---------+---------+-------+---------+---------+-------
